 Dungeon Crawl Stone Soup version 0.20.0-9-g8272e65 (webtiles) character file.

676 Kosschaser the Cleaver (level 7, -2/61 HPs)
             Began as a Hill Orc Berserker on June 3, 2017.
             Was a Priest of Trog.
             Slain by Menkaure (14 damage)
             ... on level 5 of the Dungeon.
             The game lasted 00:11:14 (4588 turns).

Kosschaser the Cleaver (Hill Orc Berserker)         Turns: 4588, Time: 00:11:15

Health: -2/61      AC: 15    Str: 22    XL:     7   Next: 60%
Magic:  7/7        EV:  7    Int:  9    God:    Trog [***...]
Gold:   237        SH:  3    Dex: 10    Spells: 6/6 levels left

rFire    . . .     SeeInvis .   p - +0 hand axe
rCold    + . .     Gourm    .   (no shield)
rNeg     . . .     Faith    .   m - +0 plate armour
rPois    .         Spirit   .   k - +1 hat
rElec    .         Reflect  +   o - +1 cloak
rCorr    .         Harm     .   (no gloves)
MR       ++...                  (no boots)
Stlth    ..........             A - amulet of Enynut {Reflect Int+2 SH+3}
Regen    1.2/turn               s - ring of protection from cold
MPRegen  0.1/turn               (no ring)

@: starving, regenerating
A: no striking features
a: Berserk, Trog's Hand, Burn Spellbooks, Renounce Religion


You were on level 5 of the Dungeon.
You worshipped Trog.
Trog was most pleased with you.
You were starving.

You visited 1 branch of the dungeon, and saw 5 of its levels.

You collected 237 gold pieces.

Inventory:

Hand Weapons
 p - a +0 hand axe (weapon)
Armour
 k - a +1 hat (worn)
 m - a +0 plate armour (worn)
 o - a +1 cloak (worn)
Jewellery
 s - a ring of protection from cold (left hand)
 A - the amulet of Enynut (around neck) {Reflect Int+2 SH+3}
   (You found it on level 5 of the Dungeon)

   [amulet of reflection]

   It shields you and reflects attacks.
   It affects your intelligence (+2).
   It affects your SH (+3).
Scrolls
 d - a scroll of blinking
 i - a scroll of enchant armour {unknown}
 l - 3 scrolls of remove curse
 n - a scroll of fog {unknown}
 q - a scroll of enchant weapon {unknown}
 r - 5 scrolls of teleportation
 u - a scroll of noise {unknown}
 v - a scroll of random uselessness {unknown}
Potions
 a - 3 potions of curing {unknown}
 e - a potion of ambrosia {unknown}
 g - a potion of flight {unknown}
 h - a potion of agility {unknown}
 j - 3 potions of haste {unknown}
 t - 2 potions of degeneration {unknown}
 w - 2 potions of might {unknown}
 z - 2 potions of lignification {unknown}
Comestibles
 b - 2 fruits
 c - 4 bread rations
 f - a royal jelly
 x - a meat ration


   Skills:
 + Level 5.5 Fighting
 + Level 8.0 Axes
 + Level 4.3 Armour
 * Level 3.2 Dodging


You had 6 spell levels left.
You didn't know any spells.

Dungeon Overview and Level Annotations

Branches:
Dungeon (5/15)             Temple (0/1) D:4

Altars:
Ru
Vehumet

Annotations:
D:5 Menkaure


Message History

Menkaure closely misses you.
You hit Menkaure.
Menkaure is severely damaged.
Menkaure hits you!
You hit Menkaure.
Menkaure is almost destroyed.
Your plate armour prevents you from hitting Menkaure.
Menkaure is almost destroyed.
Menkaure screams, "Why can't you leave me to my rest?"
Menkaure hits you!
* * * LOW HITPOINT WARNING * * *
Okay, then.
You hit Menkaure but do no damage.
Menkaure is almost destroyed.
Menkaure casts a spell.
Menkaure seems to speed up.
You barely miss Menkaure.
Menkaure is almost destroyed.
Menkaure hits you!
You die...

#.#...?.###.........####...##.##
#...#.#.# ##.......## #...##.#
##......# ##.....## #.#.##.#
##...##### ##.(.## #.#.##.#
#.###.# ##+## #......# #.# #.#
#.# ###.#### #.###.# #.# #.#
##...## ##M## #.# ##.##
#####.@.## .# #.# ##.##.....##.
#.# ##.#...........
#.#####.###.##.###....
#........#.##### ...
#########.## .# ### .


You could see Menkaure.

Vanquished Creatures
  A necrophage (D:3)
  An ogre (D:4)
  A scorpion (D:4)
  The ghost of Cab the Grave Robber, a weakling DsNe (D:3)
  2 orc wizards
  A bullfrog skeleton (D:4)
  A centaur skeleton (D:4)
  2 worker ants (D:4)
  A killer bee zombie (D:5)
  4 gnolls (D:3)
  9 adders
  2 dart slugs (D:1)
  3 leopard geckos
  13 orcs
  4 bats
  4 giant cockroaches
  9 goblins
  16 hobgoblins
  7 jackals
  2 quokkas (D:2)
  3 ball pythons
  2 frilled lizards (D:3)
  11 kobolds
  4 rats
104 creatures vanquished.

Vanquished Creatures (others)
  An orc (D:3)
  A hobgoblin (D:3)
2 creatures vanquished.

Grand Total: 106 creatures vanquished

Notes
Turn   | Place    | Note
-------+----------+-------------------------------------------
     0 | D:1      | Kosschaser the Hill Orc Berserker began the quest for the Orb.
     0 | D:1      | Reached XP level 1. HP: 19/19 MP: 1/1
    72 | D:1      | Reached XP level 2. HP: 7/27 MP: 2/2
   762 | D:1      | Reached XP level 3. HP: 27/33 MP: 3/3
   782 | D:1      | Reached ** piety under Trog
  1424 | D:2      | Reached XP level 4. HP: 41/41 MP: 4/4
  1509 | D:2      | Reached skill level 5 in Axes
  1800 | D:2      | Found a sacrificial altar of Ru.
  2448 | D:3      | Reached XP level 5. HP: 45/47 MP: 5/5
  2472 | D:3      | Reached *** piety under Trog
  2552 | D:3      | Reached skill level 6 in Axes
  2632 | D:3      | Reached skill level 5 in Fighting
  2756 | D:3      | Noticed Cab's ghost (weakling DsNe)
  2769 | D:3      | Killed Cab's ghost
  2769 | D:3      | Reached XP level 6. HP: 49/56 MP: 6/6
  2779 | D:3      | Found a radiant altar of Vehumet.
  3136 | D:3      | Noticed a necrophage
  3148 | D:3      | Killed a necrophage
  3148 | D:3      | Reached skill level 7 in Axes
  3432 | D:4      | Found a staircase to the Ecumenical Temple.
  3618 | D:4      | Reached XP level 7. HP: 22/61 MP: 7/7
  4317 | D:5      | Entered Level 5 of the Dungeon
  4333 | D:5      | Reached skill level 8 in Axes
  4434 | D:5      | Got a sparkling pewter amulet
  4435 | D:5      | Identified the amulet of Enynut {Reflect Int+2 SH+3} (You found it on level 5 of the Dungeon)
  4574 | D:5      | Noticed Menkaure
  4588 | D:5      | Slain by Menkaure

Skill      XL: |  1  2  3  4  5  6  7 |
---------------+----------------------+-----
Fighting       | 4 5 |  5.5
Dodging        | 2 3 |  3.2
Axes           | 5 6 7 8 |  8.0
Armour         | 3 4 |  4.3

Action                   |  1- 3 |  4- 6 |  7- 9 || total
-------------------------+-------+-------+-------++-------
Melee: Hand axe          |    96 |   268 |    96 ||   460
Invok: Trog's Hand       |       |     2 |     1 ||     3
  Use: Scroll            |       |       |     4 ||     4
  Eat: Chunk             |     1 |     9 |     1 ||    11
Armor: Animal skin       |    34 |     8 |       ||    42
       Plate armour      |       |   169 |    63 ||   232
Dodge: Dodged            |    92 |   111 |    29 ||   232
Block: Other             |       |       |     1 ||     1
